 Dungeon Crawl Stone Soup version 0.24.1 (console) character file.

Game seed: 12499832942232624282, levelgen mode: deterministic

4 Kagalorn the Cudgeler (level 1, -9/23 HPs)
             Began as a Gnoll Chaos Knight on Apr 1, 2020.
             Was a Plaything of Xom.
             Mangled by an unseen horror (shapeshifter) (10 damage)
             ... on level 1 of the Dungeon.
             The game lasted 00:00:46 (82 turns).

Kagalorn the Cudgeler (Gnoll Chaos Knight)            Turns: 82, Time: 00:00:46

Health: -9/23      AC:  5    Str: 14    XL:     1   Next: 70%
Magic:  1/1        EV: 12    Int: 14    God:    Xom [..*...]
Gold:   0          SH:  0    Dex: 14    Spells: 0/0 levels left

rFire    . . .     SeeInvis .   a - +0 mace (chaos)
rCold    . . .     Gourm    .   (no shield)
rNeg     . . .     Faith    .   b - +2 leather armour
rPois    .         Spirit   .   (no helmet)
rElec    .         Reflect  .   (no cloak)
rCorr    .         Harm     .   (no gloves)
MR       .....                  (no boots)
Stlth    +.........             (no amulet)
HPRegen  0.07/turn              (no ring)
MPRegen  0.07/turn              (no ring)

@: no status effects
A: distributed training, fangs 1, strong nose
a: Renounce Religion


You were on level 1 of the Dungeon.
You worshipped Xom.
You were a toy of Xom.
You were not hungry.

You visited 1 branch of the dungeon, and saw 1 of its levels.

Inventory:

Hand Weapons
 a - a +0 mace of chaos (weapon)
Armour
 b - a +2 leather armour (worn)
Comestibles
 c - a ration


   Skills:
 + Level 6.4 Fighting
 + Level 0.1 Short Blades
 + Level 0.1 Long Blades
 + Level 0.1 Axes
 + Level 6.4 Maces & Flails
 + Level 0.1 Polearms
 + Level 0.1 Staves
 + Level 0.1 Slings
 + Level 0.1 Bows
 + Level 0.1 Crossbows
 + Level 0.1 Throwing
 + Level 4.4 Armour
 + Level 2.4 Dodging
 + Level 0.1 Stealth
 + Level 0.1 Shields
 + Level 0.1 Unarmed Combat
 + Level 0.1 Spellcasting
 + Level 0.1 Conjurations
 + Level 0.1 Hexes
 + Level 0.1 Charms
 + Level 0.1 Summonings
 + Level 0.1 Necromancy
 + Level 0.1 Translocations
 + Level 0.1 Transmutations
 + Level 0.1 Fire Magic
 + Level 0.1 Ice Magic
 + Level 0.1 Air Magic
 + Level 0.1 Earth Magic
 + Level 0.1 Poison Magic
 + Level 0.2 Invocations
 + Level 0.1 Evocations


You couldn't memorise any spells.
You didn't know any spells.
Your spell library was empty.

Dungeon Overview and Level Annotations

Branches:
Dungeon (1/15)

Altars:


Innate Abilities, Weirdness & Mutations

Your experience applies equally to all skills.
You have very sharp teeth.
Your uncanny sense of smell can sniff out nearby items.


Message History

The harpy closely misses you. The harpy claws you!
You hit the harpy.
The harpy is moderately wounded.
The harpy claws you. The harpy closely misses you.
The rat twitches its whiskers.
You closely miss the harpy. You bite the harpy, but do no damage.
The harpy is moderately wounded.
The harpy closely misses you. The harpy claws you but does no damage.
You barely miss the harpy.
The harpy is moderately wounded.
The harpy changes into an orb spider!
You hit the orb spider.
The orb spider flickers and vanishes!
Deactivating autopickup; reactivate with Ctrl-A.
You bite something. Something hits you!
* * * LOW HITPOINT WARNING * * *
Xom roars with laughter!
You hit something but do no damage. Your bite misses something.
Something hits you!
You die...

#.....#.#...#
#.#.###...#.#
#.#.....#.#.#
#.###.###.#.#
#...#.#,#.#.#
###.#.#.#,#.#.#
#...#.#.# #.###
#.###{#.#,#..<#
#{# #@#..,#.###
#r#,#.###,#.#.#
#K# #.# , #.#.#
#.# #P# **#.#.#
#r# #.# #.#†#
#l# ### #.#.#
#.# #...# g.#
##### ...


There were no monsters in sight!

Vanquished Creatures
  A leopard gecko (D:1)
  2 hobgoblins (D:1)
3 creatures vanquished.

Notes
Turn   | Place    | Note
-------+----------+-------------------------------------------
     0 | D:1      | Kagalorn the Gnoll Chaos Knight began the quest for the
                  | Orb.
     0 | D:1      | Reached XP level 1. HP: 23/23 MP: 1/1
    50 | D:1      | XOM: divination: magic mapping
    62 | D:1      | Noticed a shapeshifter
    62 | D:1      | a goblin changed into a shapeshifter
    62 | D:1      | Noticed a harpy
    62 | D:1      | a shapeshifter changed into a harpy
    68 | D:1      | Noticed an orb spider
    68 | D:1      | a harpy changed into an orb spider
    81 | D:1      | HP: 1/23 [something (8)]
    82 | D:1      | Mangled by an unseen horror (shapeshifter)

Levels and vault maps discovered:
D:1:      onia_arrival_mini_maze, layout_rooms, minmay_3d_cube

Action                   || total
-------------------------++-------
Melee: Mace              ||    14
       Bite              ||     2
Armor: Leather armour    ||     3
Dodge: Dodged            ||     6
